 Dungeon Crawl Stone Soup version 0.27-a0-597-g524d869a0f (webtiles) character file.

Game seed: 3411722262644361484

46 sahdkjhfkaj the Conjurer (level 3, 0/28 HPs)
             Began as a Minotaur Conjurer on Mar 12, 2021.
             Slain by an adder (2 damage)
             ... on level 2 of the Dungeon.
             The game lasted 00:01:30 (1223 turns).

sahdkjhfkaj the Conjurer (Minotaur Conjurer)        Turns: 1223, Time: 00:01:30

Health: 0/28       AC:  6    Str: 12    XL:     3   Next: 44%
Magic:  4/4        EV:  9    Int: 15    God:
Gold:   34         SH:  0    Dex:  8    Spells: 3/4 levels left

rFire    . . .     SeeInvis .     - Unarmed
rCold    . . .     Faith    .   (no shield)
rNeg     . . .     Spirit   .   e - +0 scale mail
rPois    .         Reflect  .   (helmet restricted)
rElec    .         Harm     .   (no cloak)
rCorr    .         Rampage  .   (no gloves)
Will     .....                  (no boots)
Stlth    ..........             (no amulet)
HPRegen  0.09/turn              (no ring)
MPRegen  0.09/turn              (no ring)

@: lethally poisoned (0 -> -3), flying
A: horns 2, retaliatory headbutt
a: no special abilities


You were on level 2 of the Dungeon.
You visited 1 branch of the dungeon, and saw 2 of its levels.

You collected 34 gold pieces.

Inventory:

Armour
 e - a +0 scale mail (worn)
Scrolls
 d - a scroll of enchant armour {unknown}


   Skills:
 - Level 1.0 Fighting
 + Level 2.7 Staves
 - Level 2.1 Dodging
 - Level 1.5 Stealth
 - Level 1.9 Unarmed Combat
 - Level 1.3 Spellcasting
 - Level 2.9 Conjurations


You had 3 spell levels left.
You knew the following spells:

 Your Spells              Type           Power      Damage    Failure   Level
a - Magic Dart            Conj           36%        1d4       36%         1

Your spell library contained the following spells:

 Spells                   Type           Power      Damage    Failure   Level
 Searing Ray              Conj           18%        3d3       52%         2
 Dazzling Flash           Conj/Hex       10%        N/A       91%         3
 Fulminant Prism          Conj/Hex       2%         3d6       100%        4
 Iskenderun's Mystic Bla  Conj/Tloc      5%         2d3       100%        4


Dungeon Overview and Level Annotations

Branches:
Dungeon (2/15)

Altars:


Innate Abilities, Weirdness & Mutations

You have a pair of horns on your head.
You reflexively headbutt those who attack you in melee.


Message History

You hit the adder but do no damage.
The adder is heavily wounded.
The adder bites you but does no damage.
You miss the adder. Your headbutt misses the adder.
The adder is heavily wounded.
You feel sick. The adder bites you.
* * * LOW HITPOINT WARNING * * *
You miss the adder.
The adder is heavily wounded.
The adder bites you but does no damage.
It was a potion of flight.
You feel very buoyant.
You fly up into the air.
* * * LOW HITPOINT WARNING * * *
You feel sick. The adder misses you. The adder bites you but does no damage.
Okay, then.
Your scale mail prevents you from hitting the adder.
The adder is heavily wounded.
The adder barely misses you. You furiously retaliate!
You headbutt the adder.
You kill the adder!
You miss the adder. Your headbutt misses the adder.
The adder is lightly wounded.
The adder bites you.
* * * LOW HITPOINT WARNING * * *
You barely miss the adder.
The adder is lightly wounded.
* * * LOW HITPOINT WARNING * * *
You feel sick. The adder bites you but does no damage.
You barely miss the adder.
The adder is lightly wounded.
The adder barely misses you. x2; You furiously retaliate!
You headbutt the adder, but do no damage.
You hit the adder.
The adder is moderately wounded.
* * * LOW HITPOINT WARNING * * *
You feel sick. The adder barely misses you.
You hit the adder.
The adder is heavily wounded.
The adder bites you.
You die...

### ###
#.#######.#
#.........#
#.#######.#
#@# #.# #S#
#.#
#..)....#
#.#
#..!....#
#.#
#.......#
#†#
#.......#
#†#
+.......#
#<#
#.......#
###
+...>...+


You could see an adder.

Vanquished Creatures
  An adder (D:2)
  A dart slug (D:1)
  A leopard gecko (D:1)
  4 giant cockroaches (D:1)
  4 goblins (D:1)
  4 hobgoblins
  2 jackals (D:2)
  5 kobolds (D:1)
  A quokka (D:2)
  4 bats
  3 rats (D:1)
30 creatures vanquished.

Notes
Turn   | Place    | Note
-------+----------+-------------------------------------------
     0 | D:1      | sahdkjhfkaj the Minotaur Conjurer began the quest for the
                  | Orb.
     0 | D:1      | Reached XP level 1. HP: 14/14 MP: 1/1
    61 | D:1      | Reached skill level 1 in Fighting
   286 | D:1      | Reached skill level 1 in Unarmed Combat
   592 | D:1      | Reached XP level 2. HP: 23/23 MP: 0/3
   857 | D:1      | Reached skill level 1 in Staves
  1038 | D:1      | Reached XP level 3. HP: 28/28 MP: 4/4
  1223 | D:2      | Slain by an adder

Illustrated notes

Levels and vault maps discovered:
D:1:      saegor_arrival_simple_d, layout_loops_ring
D:2:      layout_basic, nicolae_qazlal_style_of_elements

Skill      XL: |  1  2 |
---------------+-------+-----
Fighting       | 1 |  1.0
Unarmed Combat | 1 |  1.9
Staves         | 2 |  2.7
Dodging        | |  2.1
Stealth        | |  1.5
Spellcasting   | |  1.3
Conjurations   | |  2.9

Action                   || total
-------------------------++-------
Melee: Short sword       ||    20
       Unarmed           ||    64
       Headbutt          ||     7
 Cast: Magic Dart        ||    14
  Use: Potion            ||     1
 Stab: Sleeping          ||     1
Armor: Robe              ||     5
       Scale mail        ||    33
Dodge: Dodged            ||    49

Table legend: (Time is in decaauts)
 A = Elapsed time spent in this place.
 B = Non-inter-level travel time spent in this place.
 C = Inter-level travel time spent in this place.
 D = Time resting spent in this place.
 E = Time spent auto-exploring this place.
 F = Levels seen in this place.
 G = Mean time per level.
                   A        B        C        D        E       F      G
               +--------+--------+--------+--------+--------+-----+--------+
         Total |   1223 |   1209 |     14 |      0 |   1028 |   2 |  611.5 |
       Dungeon |   1223 |   1209 |     14 |      0 |   1028 |   2 |  611.5 |
               +--------+--------+--------+--------+--------+-----+--------+

Top non-repeatable levels by time:
     D:1: 1168 daAuts
     D:2: 54 daAuts
